 Dungeon Crawl Stone Soup version 0.28.0-61-g67df4f89a8 (webtiles) character file.

Game seed: 14623573414651330477

1431 AarnesTheHuman the Chopper (level 8, -14/73 HPs)
             Began as a Hill Orc Fighter on Feb 13, 2023.
             Engulfed by a cloud of flame (21 damage)
             ... on level 6 of the Dungeon.
             The game lasted 00:06:43 (5656 turns).

AarnesTheHuman the Chopper (Hill Orc Fighter)       Turns: 5656, Time: 00:06:44

Health: -14/73     AC: 10    Str: 21    XL:     8   Next: 73%
Magic:  8/8        EV:  9    Int:  8    God:
Gold:   193        SH:  5    Dex: 10    Spells: 7/7 levels left

rFire   . . .      SeeInvis .   b - +1 dagger (elec)
rCold   . . .      Faith    .   c - +0 buckler
rNeg    . . .      Spirit   .   p - +0 scale mail
rPois   .          Reflect  .   d - +1 helmet
rElec   .          Harm     .   (no cloak)
rCorr   .          Rampage  .   (no gloves)
Will    .....                   (no boots)
Stlth   ..........              (no amulet)
HPRegen 0.22/turn               (no ring)
MPRegen 0.11/turn               (no ring)

@: no status effects
A: no striking features
a: no special abilities


You were on level 6 of the Dungeon.
You visited 1 branch of the dungeon, and saw 6 of its levels.

You collected 217 gold pieces.
You spent 24 gold pieces at shops.

Inventory:

Hand Weapons
 a - a +0 war axe
 b - a +1 dagger of electrocution (weapon)
 g - a +0 dagger of draining
 q - a +1 dagger of draining
Missiles
 e - 115 stones (quivered)
 h - 9 poisoned darts
Armour
 c - a +0 buckler (worn)
 d - a +1 helmet (worn)
 p - a +0 scale mail (worn)
Jewellery
 l - an amulet of faith
Wands
 r - a wand of polymorph (8)
 s - a wand of mindburst (21)
Scrolls
 w - a scroll of identify
Potions
 f - 2 potions of attraction
 i - 2 potions of flight
 j - 4 potions of curing
 k - a potion of brilliance {unknown}
 m - a potion of heal wounds {unknown}
 n - a potion of ambrosia {unknown}
 o - a potion of resistance {unknown}
 t - a potion of cancellation {unknown}
 v - a potion of magic {unknown}


   Skills:
 + Level 7.3 Fighting
 + Level 7.3 Axes
 + Level 6.5 Armour
 + Level 6.6 Shields


You had 7 spell levels left.
You didn't know any spells.
Your spell library contained the following spells:

 Spells                   Type           Power      Damage    Failure   Level
 Shock                    Conj/Air       0%         1d3       80%         1
 Static Discharge         Conj/Air       0%         N/A       91%         2
 Swiftness                Air            0%         N/A       99%         3
 Airstrike                Air            0%         N/A       100%        4
 Lightning Bolt           Conj/Air       0%         1d11      100%        5
 Maxwell's Capacitive Co  Air            0%         ∞         100%        8


Dungeon Overview and Level Annotations

Branches:
Dungeon (6/15)             Temple (0/1) D:4

Altars:
Vehumet
Beogh

Shops:
D:4 *

Annotations:
D:4 3 runed translucent doors, Atelerd's ghost, amateur OpEE


Message History

You hit the ogre.
The ogre is severely wounded.
An iguana comes into view.
You hit the ogre.
The ogre is severely wounded.
The ogre misses you.
An ogre comes into view. It is wielding a +0 giant spiked club.
The ogre shouts!
You hit the ogre.
The ogre is severely wounded.
The ogre hits you with a +0 giant spiked club.
You hit the ogre. Lightning courses through the ogre!
You kill the ogre!
The bullfrog hits you.
Okay, then.
Unknown command.
As you read the scroll labelled XULYNA MAEN, it crumbles to dust.
The creatures around you are filled with an inner flame!
It was a scroll of immolation.
You block the bullfrog's attack. The ogre hits you but does no damage.
Okay, then.
Okay, then.
Aiming: Mindburst
Press: ? - help, Shift-Dir - straight line, f - ogre
Aim: an ogre, wielding a +0 giant spiked club (inner flame, chance to affect: 64%)
The ogre's mind is blasted!
Flame seeps out of the ogre.
The bullfrog hits you.
* * * LOW HITPOINT WARNING * * *
The bullfrog closely misses you.
Aiming: Mindburst
Press: ? - help, Shift-Dir - straight line, f/p - ogre
Aim: an ogre, wielding a +0 giant spiked club (flame, heavily wounded, inner flame, chance to affect: 64%)
Okay, then.
The ogre is engulfed in blazing flames.
The ogre explodes!
The fiery explosion engulfs you!
* * * LOW HITPOINT WARNING * * *
The bullfrog hits you but does no damage.
Unknown command.
You are engulfed in blazing flames.
You die...

...#.# #.#..##
..O#.#####.#...#
÷..#.......#.#.##
....###.........#
................# .
....###.........####...
.....................>.
.............##§.###..
.............###@##
.............# #§§#
#########....# ##F#
###### l# <. #.# .# .#
!.


You could see a bullfrog (inner flame) and an iguana (inner flame).

Vanquished Creatures
  Sigmund (D:3)
  Edmund (D:5)
  A black bear (D:4)
  An ice beast (D:5)
  3 ogres (D:6)
  A necrophage (D:4)
  A water moccasin zombie (D:4)
  A scorpion (D:4)
  A water moccasin skeleton (D:4)
  A jelly (D:6)
  2 hounds
  A centaur skeleton (D:6)
  An orc wizard (D:5)
  2 iguanas
  2 scorpion zombies (D:4)
  2 hound zombies (D:4)
  A hound skeleton (D:4)
  Robin (D:3)
  A howler monkey skeleton (D:6)
  5 adders
  2 adder zombies (D:4)
  An adder skeleton (D:4)
  4 worms (D:2)
  3 dart slugs (D:2)
  6 orcs
  6 bats
  3 endoplasms
  2 giant cockroaches
  18 goblins
  5 hobgoblins
  6 jackals
  2 quokkas
  8 ball pythons
  3 frilled lizards
  A jackal zombie (D:4)
  9 kobolds
  7 rats
116 creatures vanquished.

Vanquished Creatures (others)
  2 plants (D:4)
  2 withered plants (D:4)
4 creatures vanquished.

Grand Total: 120 creatures vanquished

Notes
Turn   | Place    | Note
-------+----------+-------------------------------------------
     0 | D:1      | AarnesTheHuman the Hill Orc Fighter began the quest for the
                  | Orb.
     0 | D:1      | Reached XP level 1. HP: 19/19 MP: 1/1
    92 | D:1      | Found a faded altar of an unknown god.
   140 | D:1      | Reached XP level 2. HP: 24/27 MP: 2/2
  1202 | D:2      | Reached XP level 3. HP: 29/33 MP: 3/3
  1703 | D:2      | Reached XP level 4. HP: 39/40 MP: 4/4
  2387 | D:3      | Noticed Robin
  2495 | D:3      | Killed Robin
  2505 | D:3      | Reached XP level 5. HP: 45/47 MP: 5/5
  2692 | D:3      | Found a radiant altar of Vehumet.
  2851 | D:3      | Noticed Sigmund
  2861 | D:3      | Killed Sigmund
  2862 | D:3      | Reached skill level 5 in Fighting
  2862 | D:3      | Reached XP level 6. HP: 47/56 MP: 6/6
  3092 | D:4      | Reached skill level 5 in Axes
  3153 | D:4      | Noticed a necrophage
  3160 | D:4      | Killed a necrophage
  3161 | D:4      | Reached skill level 5 in Armour
  3161 | D:4      | Reached skill level 5 in Shields
  3161 | D:4      | Reached XP level 7. HP: 55/61 MP: 7/7
  3577 | D:4      | Found Qosin's Assorted Antiques.
  3588 | D:4      | Bought a scroll labelled WIZXOZOZOT for 24 gold pieces
  3625 | D:4      | Found a runed translucent gate.
  3625 | D:4      | Noticed Atelerd's ghost (amateur OpEE)
  3626 | D:4      | Found a runed translucent gate.
  3627 | D:4      | Found a runed translucent gate.
  3628 | D:4      | Identified the +4 plate armour "Yffijy" {Str+3}
  3696 | D:4      | Found a staircase to the Ecumenical Temple.
  4325 | D:4      | Found a roughly hewn altar of Beogh.
  4362 | D:5      | Entered Level 5 of the Dungeon
  4383 | D:5      | Noticed Edmund
  4402 | D:5      | Killed Edmund
  4403 | D:5      | Reached XP level 8. HP: 46/71 MP: 8/8
  5656 | D:6      | Engulfed by a cloud of flame

Illustrated notes

Levels and vault maps discovered:
D:1:      minmay_arrival_plants_in_alcoves, layout_basic,
          shapermc_ecumenical_altar_starsandcircs
D:2:      layout_basic
D:3:      layout_basic, fiery_altar_vehumet, uniq_sigmund, uniq_robin
D:4:      layout_loops_cross, minmay_temple_entry_offerings,
          biasface_ghost_orc_armoury, serial_undead, serial_undead_b,
          serial_undead_b, serial_undead_d, serial_undead_f, serial_shops,
          nicolae_shop_trees, corexii_shack
D:5:      layout_loops_ring, uniq_edmund
D:6:      layout_basic

Skill      XL: |  1  2  3  4  5  6  7  8 |
---------------+-------------------------+-----
Axes           | 3 4 5 6 7 |  7.3
Fighting       | 4 5 6 7 |  7.3
Shields        | 4 5 6 |  6.6
Armour         | 4 5 6 |  6.5

Action                   |  1- 3 |  4- 6 |  7- 9 || total
-------------------------+-------+-------+-------++-------
Melee: War axe           |    87 |   105 |   154 ||   346
       Dagger            |       |       |    36 ||    36
Throw: Stone             |       |       |     2 ||     2
Evoke: Wand              |       |       |     1 ||     1
  Use: Potion            |       |     1 |       ||     1
       Scroll            |       |     4 |     5 ||     9
Armor: Scale mail        |    43 |    63 |   118 ||   224
Dodge: Dodged            |    45 |    45 |    89 ||   179
Block: Buckler           |    20 |    29 |    43 ||    92
